 Dungeon Crawl Stone Soup version 0.20.1-1-g8b1a95d66d (webtiles) character file.

1206 TBNero the Conjurer (level 8, -1/58 HPs)
             Began as a Black Draconian Conjurer on Dec 29, 2017.
             Was an Initiate of Vehumet.
             Slain by Pikel
             ... wielding a +0 whip of freezing
              (3 damage)
             ... on level 7 of the Dungeon.
             The game lasted 01:12:57 (7336 turns).

TBNero the Conjurer (Black Draconian Conjurer)      Turns: 7336, Time: 01:13:00

Health: -1/58      AC:  7    Str: 12    XL:     8   Next: 21%
Magic:  18/26      EV: 13    Int: 17    God:    Vehumet [......]
Gold:   415        SH:  0    Dex: 11    Spells: 9/19 levels left

rFire    . . .     SeeInvis .   j - +2 short sword (venom)
rCold    . . .     Gourm    +   (no shield)
rNeg     . . .     Faith    .   (armour unavailable)
rPois    .         Spirit   .   (helmet restricted)
rElec    +         Reflect  .   y - scarf {cloud immunity}
rCorr    .         Harm     .   q - +0 pair of gloves
MR       .....                  (no boots)
Stlth    ++........             w - amulet of the gourmand
Regen    0.2/turn               B - ring of magical power
MPRegen  0.2/turn               C - ring of flight

@: flying (expiring), very slightly contaminated
A: breathe lightning, unfitting armour, electricity resistance, cold-blooded, AC
+6
a: Breathe Lightning, Renounce Religion, Stop Flying


You were on level 7 of the Dungeon.
You worshipped Vehumet.
Vehumet was noncommittal.
You were not hungry.

You visited 1 branch of the dungeon, and saw 7 of its levels.
You also visited: Sewer and Ossuary.

You collected 415 gold pieces.

Inventory:

Hand Weapons
 e - a +0 short sword
 j - a +2 short sword of venom (weapon)
 r - a +1 short sword of freezing
 I - a +0 hand crossbow
Missiles
 o - 4 javelins (quivered)
 J - 33 bolts
Armour
 q - a +0 pair of gloves (worn)
 y - a scarf of cloud immunity (worn)
Jewellery
 c - an uncursed ring of ice
 h - an uncursed ring of poison resistance
 w - an amulet of the gourmand (around neck)
 B - a ring of magical power (left hand)
 C - a ring of flight (right hand)
Wands
 A - a wand of lightning (10/15)
 D - a wand of confusion (15/48)
Scrolls
 d - a scroll of fear {unknown}
 g - 4 scrolls of identify
 i - 6 scrolls of remove curse
 m - a scroll of magic mapping {unknown}
 n - 2 scrolls of noise {unknown}
 t - a scroll of blinking {unknown}
 v - a scroll of recharging {unknown}
 z - 2 scrolls of summoning {unknown}
 G - a scroll of enchant armour {unknown}
 K - a scroll of enchant weapon {unknown}
Potions
 f - a potion of mutation {unknown}
 k - 2 potions of lignification {unknown}
 l - a potion of degeneration {unknown}
 s - 2 potions of haste
 u - 6 potions of heal wounds
 x - a potion of brilliance {unknown}
 E - a potion of might {unknown}
 F - 6 potions of curing
 H - a potion of flight {unknown}
Books
 a - a book of Conjurations

   Spells                             Type                      Level
   a - Magic Dart                     Conjuration                  1
   b - Searing Ray                    Conjuration                  2
   c - Dazzling Spray                 Conjuration/Hexes            3
   d - Fulminant Prism                Conjuration/Hexes            4
   e - Force Lance                    Conjuration/Translocation    4
   f - Iskenderun's Mystic Blast      Conjuration                  4
Comestibles
 b - 4 bread rations
 p - 4 meat rations


   Skills:
 + Level 0.9 Fighting
 + Level 1.3 Short Blades
 + Level 0.3 Throwing
 + Level 3.5 Dodging
 - Level 1.9 Stealth
 * Level 6.4 Spellcasting
 * Level 7.0 Conjurations
 * Level 0.6 Hexes


You had 9 spell levels left.
You knew the following spells:

 Your Spells              Type           Power        Failure   Level  Hunger
a - Magic Dart            Conj           ####         1%          1    None
b - Searing Ray           Conj           ####..       1%          2    None
c - Dazzling Spray        Conj/Hex       ###...       8%          3    ##.....
d - Iskenderun's Mystic   Conj           ####....     7%          4    ####...


Dungeon Overview and Level Annotations

Branches:
Dungeon (7/15)
 Temple: D:4-7

Altars:
Ashenzari
Fedhas
Kikubaaqudgha
Nemelex Xobeh
Vehumet

Shops:
D:5 ?

Annotations:
D:7 Pikel


Innate Abilities, Weirdness & Mutations

You can breathe wild blasts of lightning.
Your glossy black scales are hard. (AC +6)
You cannot fit into any form of body armour.
You are resistant to electric shocks. (rElec)
You are cold-blooded and may be slowed by cold attacks.


Message History

The slave hits you but does no damage. The slave closely misses you.
Pikel waves his whip at you. Pikel closely misses you.
You closely miss Pikel.
Pikel is heavily wounded.
The slave hits you but does no damage. Pikel barely misses you.
You hit Pikel.
Pikel looks as sick as possible!
Pikel is severely wounded.
The slave hits you but does no damage. The slave hits you.
* * * LOW HITPOINT WARNING * * *
Pikel hits you but does no damage. The slave hits you.
* * * LOW HITPOINT WARNING * * *
You completely miss Pikel.
Pikel is severely wounded.
You are starting to lose your buoyancy.
The slave closely misses you. The slave hits you but does no damage.
Pikel hits you with a whip of freezing!
* * * LOW HITPOINT WARNING * * *
Pikel freezes you.
You die...

##..#.#..### #....##
...........###.....##
#..................#
#........####......#
###.................##
...........####....###
#.........# #...###.
#.#..pp....####...##..
#....@K..#...####.....
....>#.p######...#######
#.##....# ###p#######
##...# #.(...... #...#
##.###### ..... #.#
...... #.# ....... #.#
... #p#


You could see Pikel and 3 slaves.

Vanquished Creatures
  An ice beast (D:4)
  A phantom (D:5)
  An ogre (D:4)
  A centaur (D:7)
  3 crimson imps
  3 hounds
  An orc priest (D:6)
  2 bullfrog skeletons
  A centaur zombie (D:5)
  A jelly (D:6)
  An orc wizard (D:7)
  2 iguanas
  Jessica (D:2)
  2 worker ants
  Terence (D:3)
  2 worker ant zombies (D:5)
  A howler monkey skeleton (D:5)
  15 adders
  6 river rats
  An adder zombie (D:6)
  2 worms (D:2)
  A dart slug (D:2)
  2 leopard geckos
  An orc (D:6)
  5 ball pythons
  2 giant cockroaches
  7 goblins
  2 hobgoblins
  3 jackals (D:2)
  4 quokkas
  5 bats
  6 frilled lizards
  2 goblin zombies
  6 hobgoblin zombies (Ossuary)
  A jackal skeleton (D:6)
  24 kobolds
  5 kobold zombies (Ossuary)
  9 orc zombies (Ossuary)
  2 quokka zombies
  29 rats
165 creatures vanquished.

Notes
Turn   | Place    | Note
-------+----------+-------------------------------------------
     0 | D:1      | TBNero the Draconian Conjurer began the quest for the Orb.
     0 | D:1      | Reached XP level 1. HP: 14/14 MP: 3/3
   594 | D:1      | Reached XP level 2. HP: 18/20 MP: 1/5
  1081 | D:2      | Reached XP level 3. HP: 18/26 MP: 0/6
  1539 | D:2      | Reached XP level 4. HP: 17/33 MP: 0/8
  1584 | D:2      | Reached skill level 5 in Conjurations
  1860 | D:2      | Noticed Jessica
  1874 | D:2      | Killed Jessica
  1896 | D:2      | Learned a level 2 spell: Searing Ray
  2178 | D:3      | Learned a level 3 spell: Dazzling Spray
  2232 | D:3      | Reached XP level 5. HP: 36/39 MP: 2/9
  2264 | D:3      | Noticed Terence
  2286 | D:3      | Killed Terence
  2785 | D:3      | Found a blossoming altar of Fedhas.
  2787 | D:3      | Found an ancient bone altar of Kikubaaqudgha.
  3298 | D:4      | Found a shattered altar of Ashenzari.
  3467 | D:4      | Noticed an ice beast
  3481 | D:4      | Killed an ice beast
  3481 | D:4      | Reached skill level 1 in Short Blades
  3481 | D:4      | Reached XP level 6. HP: 35/46 MP: 0/12
  3535 | D:4      | Found a sand-covered staircase.
  3544 | Ossuary  | Entered an ossuary
  4208 | D:4      | Reached skill level 5 in Spellcasting
  4266 | D:4      | Found a sparkling altar of Nemelex Xobeh.
  4378 | D:5      | Entered Level 5 of the Dungeon
  4388 | D:5      | Your scales start taking on a glossy black colour.
  4388 | D:5      | Reached XP level 7. HP: 50/51 MP: 5/14
  4388 | D:5      | Gained mutation: You are resistant to electric shocks. (rElec) [Black Draconian growth]
  4623 | D:5      | Found Seiqeod's Magic Scroll Shop.
  4760 | D:5      | Reached skill level 6 in Conjurations
  5645 | D:6      | Found a glowing drain.
  5774 | Sewer    | Entered a sewer
  6861 | D:6      | Found a radiant altar of Vehumet.
  6870 | D:6      | Became a worshipper of Vehumet
  6935 | D:6      | Learned a level 4 spell: Iskenderun's Mystic Blast
  6952 | D:6      | Noticed a shadow
  6952 | D:6      | Reached XP level 8. HP: 58/58 MP: 16/17
  7289 | D:7      | Noticed Pikel
  7309 | D:7      | Reached skill level 7 in Conjurations
  7336 | D:7      | HP: 2/58 [Pikel/whip of freezing (7)]
  7336 | D:7      | Slain by Pikel

Skill      XL: |  1  2  3  4  5  6  7  8 |
---------------+-------------------------+-----
Dodging        | 2 3 |  3.5
Conjurations   | 5 6 7 |  7.0
Spellcasting   | 3 4 5 6 |  6.4
Short Blades   | 1 |  1.3
Fighting       | |  0.9
Throwing       | |  0.3
Stealth        | |  1.9
Hexes          | |  0.6

Action                   |  1- 3 |  4- 6 |  7- 9 || total
-------------------------+-------+-------+-------++-------
Melee: Short sword       |    11 |    36 |    19 ||    66
       Tailslap          |     1 |     5 |     2 ||     8
Throw: Javelin           |       |       |     1 ||     1
 Cast: Magic Dart        |    66 |   103 |    86 ||   255
       Searing Ray       |       |    21 |    20 ||    41
       Dazzling Spray    |       |       |    31 ||    31
 Abil: Breathe Lightning |       |       |     2 ||     2
       Evoke Flight      |       |       |     2 ||     2
  Use: Potion            |     1 |     2 |     2 ||     5
       Scroll            |       |     2 |     4 ||     6
  Eat: Chunk             |     2 |     6 |     8 ||    16
       Royal jelly       |       |     2 |       ||     2
       Bread ration      |       |     2 |       ||     2
Armor: Skin              |    13 |    18 |    44 ||    75
Dodge: Dodged            |    37 |    50 |   105 ||   192
